 Dungeon Crawl Stone Soup version 0.25-a0-1024-gbfbf38f2cb (webtiles) character file.

Game seed: 9880131073084366059, levelgen mode: deterministic

98 Esekla the Skirmisher (level 5, -1/43 HPs)
             Began as a Formicid Abyssal Knight on May 12, 2020.
             Was a Follower of Lugonu.
             Slain by a white imp (5 damage)
             ... summoned by Natasha
             ... on level 2 of the Dungeon.
             The game lasted 00:13:29 (2542 turns).

Esekla the Skirmisher (Formicid Abyssal Knight)     Turns: 2542, Time: 00:13:30

Health: -1/43      AC:  4    Str: 16    XL:     5   Next: 1%
Magic:  6/6        EV: 11    Int: 13    God:    Lugonu [*.....]
Gold:   171        SH:  0    Dex: 10    Spells: 3/6 levels left

rFire    + . .     SeeInvis +   a - +1 falchion
rCold    . . .     Gourm    .   (no shield)
rNeg     . . .     Faith    .   b - +0 leather armour
rPois    .         Spirit   .   (helmet unavailable)
rElec    .         Reflect  .   (no cloak)
rCorr    .         Harm     .   (no gloves)
MR       .....                  g - +0 pair of boots
Stlth    +.........             (no amulet)
HPRegen  0.14/turn              d - ring of protection from fire
MPRegen  0.10/turn              (no ring)

@: no status effects
A: permanent stasis, dig shafts and tunnels, four strong arms, antennae 3
a: Dig, Shaft Self, Depart the Abyss, Renounce Religion


You were on level 2 of the Dungeon.
You worshipped Lugonu.
Lugonu was aware of your devotion.
You were not hungry.

You visited 1 branch of the dungeon, and saw 3 of its levels.
You visited the Abyss 1 time.

You collected 171 gold pieces.

Inventory:

Hand Weapons
 a - a +1 falchion (weapon)
Armour
 b - a +0 leather armour (worn)
 g - a +0 pair of boots (worn)
Jewellery
 d - a ring of protection from fire (left hand)
Wands
 e - a wand of paralysis (9)
Scrolls
 h - a scroll of enchant armour {unknown}
 j - 3 scrolls of fear
 k - a scroll of immolation {unknown}
Potions
 i - 2 potions of flight
Comestibles
 c - 4 rations


   Skills:
 + Level 4.4 Fighting
 + Level 2.9 Long Blades
 + Level 2.5 Armour
 + Level 1.1 Dodging
 * Level 1.2 Spellcasting
 * Level 0.6 Ice Magic
 + Level 2.4 Invocations


You had 3 spell levels left.
You knew the following spells:

 Your Spells              Type           Power        Failure   Level  Hunger
r - Frozen Ramparts       Ice            #.....       61%         3    ####...

Your spell library contained the following spells:

 Spells                   Type           Power        Failure   Level  Hunger
 Freeze                   Ice            #...         26%         1    ##.....
 Ozocubu's Armour         Chrm/Ice       #.......     65%         3    ####...
 Hailstorm                Conj/Ice       #.......     96%         4    #####..
 Summon Ice Beast         Ice/Summ       #.......     96%         4    #####..


Dungeon Overview and Level Annotations

Branches:
Dungeon (3/15)

Altars:

Annotations:
D:2 Natasha


Innate Abilities, Weirdness & Mutations

You cannot be hasted, slowed, berserked, paralysed or teleported.
You can dig through walls and to a lower floor.
Your four strong arms can wield two-handed weapons with a shield.
You have a pair of large antennae on your head. (SInv)


Message History

Natasha is almost dead.
The white imp hits you. The white imp freezes you. Natasha closely misses you.
You hit Natasha but do no damage.
Natasha is severely wounded.
The white imp closely misses you. Natasha barely misses you.
You hit Natasha.
Natasha is almost dead.
The white imp hits you. The white imp freezes you.
* * * LOW HITPOINT WARNING * * *
Natasha claws you.
* * * LOW HITPOINT WARNING * * *
The white imp barely misses you.
You riposte.
You slash the white imp!
The white imp is severely wounded.
Okay, then.
You hit Natasha but do no damage.
Natasha is almost dead.
Natasha barely misses you. The white imp hits you.
* * * LOW HITPOINT WARNING * * *
The white imp freezes you.
You die...

...#######.#.#### {
#...............#
#.######.###.##.# #.# .## #.# #.#
#.##.# #.#...# #'## #.# #....##
#^#...# ...## #.# #.....# #.#...
# # ....## #.###.#...# #.##.## .#
## .....###.........#
#.##..##.###.
......##[.......@####........##..
......'.....(...5h.(..........+..
......###)...###.#######...####..
.....## #.#......# ##.#..## #.
.)..## #.######## #....## ##
...## #.# ##.### # #'## #.# #.#
#.#######.# #.# #.#.......# #.#
####


You could see Natasha and a white imp (summoned).

Vanquished Creatures
  Natasha (D:2)
  4 adders (D:2)
  A worm (D:1)
  A dart slug (D:1)
  5 bats
  A giant cockroach (D:1)
  4 goblins
  4 hobgoblins
  2 jackals
  2 kobolds (D:2)
  A quokka (D:2)
  3 frilled lizards
  5 rats
34 creatures vanquished.

Notes
Turn   | Place    | Note
-------+----------+-------------------------------------------
     0 | Abyss:1  | Esekla the Formicid Abyssal Knight began the quest for the
                  | Orb.
     0 | Abyss:1  | Reached XP level 1. HP: 18/18 MP: 2/2
    23 | Abyss:2  | Found a corrupted altar of Lugonu.
    36 | Abyss:2  | Noticed an ice devil
    68 | D:1      | Escaped the Abyss
   516 | D:1      | Reached XP level 2. HP: 25/25 MP: 3/3
   896 | D:1      | Reached XP level 3. HP: 28/30 MP: 4/4
   976 | D:1      | Reached skill level 4 in Fighting
  1193 | D:2      | Reached skill level 1 in Dodging
  1221 | D:2      | Learned a level 3 spell: Frozen Ramparts
  1556 | D:2      | Reached * piety under Lugonu
  1634 | D:2      | Reached XP level 4. HP: 10/38 MP: 5/5
  1964 | D:2      | Reached skill level 1 in Spellcasting
  2321 | D:2      | Noticed Natasha
  2330 | D:2      | Killed Natasha
  2330 | D:2      | Reached XP level 5. HP: 20/43 MP: 2/6
  2488 | D:2      | Noticed Natasha
  2542 | D:2      | Slain by a white imp

Illustrated notes

Levels and vault maps discovered:
D:1:      lightli_arrival_maybe_door_vault, layout_loops_cross, minivault_14,
          chequers_garden
D:2:      layout_loops_corners, uniq_crazy_yiuf_cottage, uniq_natasha
D:3:      layout_rooms, chequers_temple_overflow_statue_of_worship,
          uniq_grinder, uniq_sigmund, uniq_robin, uniq_terence

Skill      XL: |  1  2  3  4 |
---------------+-------------+-----
Fighting       | 4 |  4.4
Dodging        | 1 |  1.1
Spellcasting   | 1 |  1.2
Long Blades    | |  2.9
Armour         | |  2.5
Ice Magic      | |  0.6
Invocations    | |  2.4

Action                   |  1- 3 |  4- 6 || total
-------------------------+-------+-------++-------
Melee: Falchion          |    77 |    47 ||   124
Invok: Depart the Abyss  |     1 |       ||     1
  Use: Scroll            |     3 |     1 ||     4
       Potion            |     1 |       ||     1
  Eat: Chunk             |     2 |     3 ||     5
Armor: Leather armour    |    17 |    11 ||    28
Dodge: Dodged            |    42 |    35 ||    77
       Rpst.: Falchion   |    11 |    12 ||    23

Table legend:
 A = Non-vault XP
 B = Vault XP
 C = Vault XP percentage of total XP
 D = Non-vault monster count
 E = Vault monster count
 F = Vault count percentage of total count
                 A         B        C        D         E       F
            +---------+---------+-------+---------+---------+-------
      Total |     106 |      35 |  24.8 |      33 |       1 |   2.9
            +---------+---------+-------+---------+---------+-------
        D:1 |      21 |       0 |   0.0 |       9 |       0 |   0.0
        D:2 |      81 |      35 |  30.2 |      22 |       1 |   4.3
        D:3 |       4 |       0 |   0.0 |       2 |       0 |   0.0
            +---------+---------+-------+---------+---------+-------
